 Dungeon Crawl Stone Soup version 0.27-a0-1347-gd8886f0a89 (webtiles) character file.

Game seed: 10303489592458845955

181 funkygono the Magician (level 5, -4/36 HPs)
             Began as a Djinni Fire Elementalist on June 28, 2021.
             Slain by Edmund (12 damage)
             ... on level 4 of the Dungeon.
             The game lasted 00:05:38 (3693 turns).

funkygono the Magician (Djinni Fire Elementalist)   Turns: 3693, Time: 00:05:39

Health: -4/36      AC:  2    Str:  7    XL:     5   Next: 92%
Gold:   151        EV: 13    Int: 17    God:
                   SH:  0    Dex: 14

rFire    + + .     SeeInvis .   c - +1 short sword
rCold    x . .     Faith    .   (no shield)
rNeg     . . .     Spirit   .   a - +0 robe
rPois    ∞         Reflect  .   (no helmet)
rElec    .         Harm     .   (no cloak)
rCorr    .         Rampage  .   (no gloves)
Will     .....                  (boots unavailable)
Stlth    ++........             (no amulet)
HPRegen  0.12/turn              (no ring)
MPRegen  0.00/turn              (no ring)

@: flying
A: sickness immunity, fire resistance 2, cold vulnerability 1, float, innate
caster, hp casting, extra vitality 1
a: no special abilities


You were on level 4 of the Dungeon.
You visited 1 branch of the dungeon, and saw 4 of its levels.

You collected 151 gold pieces.

Inventory:

Hand Weapons
 c - a +1 short sword (weapon)
Armour
 a - a +0 robe (worn)
 g - a +0 ring mail
 i - a +1 ring mail of poison resistance
Scrolls
 b - 3 scrolls of teleportation
 h - 3 scrolls of identify
 j - a scroll of vulnerability {unknown}
 k - a scroll of noise {unknown}
Potions
 d - 2 potions of heal wounds
 e - 3 potions of brilliance {unknown}
 f - 2 potions of haste {unknown}


   Skills:
 + Level 0.5 Fighting
 + Level 2.9 Dodging
 - Level 1.5 Stealth
 + Level 4.4 Spellcasting


You couldn't memorise any spells.
You knew the following spells:

 Your Spells              Type           Power      Damage    Failure   Level
a - Foxfire               Conj/Fire      72%        2x1d7     2%          1
b - Conjure Flame         Conj/Fire      18%        6-21      8%          3
c - Inner Flame           Hex/Fire       18%        N/A       8%          3
d - Sticky Flame          Conj/Fire      18%        2d4       24%         4
e - Fireball              Conj/Fire      9%         3d6       56%         5
f - Summon Small Mammal   Summ           72%        N/A       2%          1
g - Searing Ray           Conj           36%        3d4       3%          2
Your spell library was empty.

Dungeon Overview and Level Annotations

Branches:
Dungeon (4/15)
 Temple: D:4-7

Altars:

Annotations:
D:4 Edmund


Innate Abilities, Weirdness & Mutations

You are immune to sickness and miasma.
You are immune to poison.
Your flesh is very heat resistant. (rF++)
You are vulnerable to cold. (rC-)
You float through the air rather than walking.
You learn spells naturally, not from books.
Your magical power is your life essence.
You have superior vitality. (+4 HP)


Message History

Casting: Foxfire (safe; 2% risk of failure)
Confirm with . or Enter, or press ? or * to list all spells.
You conjure some foxfire!
The foxfire hits Edmund.
Edmund is moderately wounded.
The foxfire hits Edmund but does no damage.
Edmund is moderately wounded.
Unknown command.
Casting: Foxfire (safe; 2% risk of failure)
Confirm with . or Enter, or press ? or * to list all spells.
Aiming: Searing Ray (safe; 3% risk of failure)
Press: ? - help, Shift-Dir - straight line, f - Edmund
Aim: Edmund, wielding a +2 flail of draining and wearing a +2 scale mail of poison resistance (moderately wounded, ally target, 81% to hit)
The searing ray misses Edmund. (Press . to maintain the ray.)
The foxfire hits Edmund but does no damage.
Edmund is moderately wounded.
The foxfire hits Edmund.
Edmund is moderately wounded.
The searing ray hits Edmund.
Edmund is moderately wounded.
Edmund barely misses you.
The searing ray hits Edmund but does no damage.
Edmund is moderately wounded.
Edmund hits you with a +2 flail of draining!
The searing ray hits Edmund.
Edmund is heavily wounded.
You finish channeling your searing ray.
Edmund hits you with a +2 flail of draining.
* * * LOW HITPOINT WARNING * * *
Casting: Searing Ray (safe; 3% risk of failure)
Confirm with . or Enter, or press ? or * to list all spells.
Aiming: Searing Ray (safe; 3% risk of failure)
Press: ? - help, Shift-Dir - straight line, f/p - Edmund
Aim: Edmund, wielding a +2 flail of draining and wearing a +2 scale mail of poison resistance (heavily wounded, 81% to hit)
The searing ray hits Edmund.
Edmund is severely wounded. (Press . to maintain the ray.)
* * * LOW HITPOINT WARNING * * *
Edmund hits you with a +2 flail of draining!
You die...

#######
$......##
#####.@@###
#.........#
#####.#.#.#
..###..#
###.#.#§#
#.##.#
#.##.#
#.##.#
########
#.##.#


You could see Edmund.

Vanquished Creatures
  Terence (D:3)
  An iguana (D:4)
  6 adders
  3 worms
  3 dart slugs
  8 bats
  5 endoplasms
  4 giant cockroaches
  8 hobgoblins
  4 kobolds
  2 quokkas
  7 ball pythons
  2 frilled lizards
  4 goblins
  3 rats
61 creatures vanquished.

Vanquished Creatures (collateral kills)
  A dart slug (D:2)
  An endoplasm (D:2)
  A hobgoblin (D:3)
3 creatures vanquished.

Vanquished Creatures (others)
  209 foxfires
209 creatures vanquished.

Grand Total: 273 creatures vanquished

Notes
Turn   | Place    | Note
-------+----------+-------------------------------------------
     0 | D:1      | funkygono the Djinni Fire Elementalist began the quest for
                  | the Orb.
     0 | D:1      | Reached XP level 1. HP: 15/15 MP: 0/0
   227 | D:1      | Found a faded altar of an unknown god.
   318 | D:1      | Reached XP level 2. HP: 15/21 MP: 0/0
   724 | D:1      | Reached skill level 3 in Spellcasting
  1058 | D:2      | Reached XP level 3. HP: 4/25 MP: 0/0
  1058 | D:2      | Learned a level 1 spell: Summon Small Mammal
  2017 | D:2      | Reached XP level 4. HP: 27/31 MP: 0/0
  2846 | D:3      | Reached skill level 4 in Spellcasting
  2846 | D:3      | Reached XP level 5. HP: 33/35 MP: 0/0
  2846 | D:3      | Learned a level 2 spell: Searing Ray
  3256 | D:3      | Noticed Terence
  3264 | D:3      | Killed Terence
  3680 | D:4      | Noticed Edmund
  3693 | D:4      | Slain by Edmund

Illustrated notes

Levels and vault maps discovered:
D:1:      dpeg_arrival_tiny_k, layout_rooms, ebering_ecumenical_altar_mist,
          chequers_serial_rivers_large_b
D:2:      layout_rooms
D:3:      layout_basic, uniq_terence
D:4:      layout_loops_ring, zin_treasury, minitemple, hangedman_decor_opposing,
          uniq_natasha, uniq_edmund

Skill      XL: |  1  2  3  4 |
---------------+-------------+-----
Spellcasting   | 3 4 |  4.4
Fighting       | |  0.5
Dodging        | |  2.9
Stealth        | |  1.5

Action                   |  1- 3 |  4- 6 || total
-------------------------+-------+-------++-------
Melee: Short sword       |     2 |     1 ||     3
 Cast: Foxfire           |    57 |    66 ||   123
       Summon Small Mamm |     6 |    11 ||    17
       Searing Ray       |       |     5 ||     5
  Use: Scroll            |     2 |     2 ||     4
Armor: Robe              |     2 |     6 ||     8
Dodge: Dodged            |    11 |    14 ||    25

Table legend: (Time is in decaauts)
 A = Elapsed time spent in this place.
 B = Non-inter-level travel time spent in this place.
 C = Inter-level travel time spent in this place.
 D = Time resting spent in this place.
 E = Time spent auto-exploring this place.
 F = Levels seen in this place.
 G = Mean time per level.
                   A        B        C        D        E       F      G
               +--------+--------+--------+--------+--------+-----+--------+
         Total |   3693 |   3648 |     45 |    251 |   2985 |   4 |  923.2 |
       Dungeon |   3693 |   3648 |     45 |    251 |   2985 |   4 |  923.2 |
               +--------+--------+--------+--------+--------+-----+--------+

Top non-repeatable levels by time:
     D:1: 1303 daAuts
     D:2: 1121 daAuts
     D:3: 1045 daAuts
     D:4: 222 daAuts
